General information
- name: BNet
- type: Ladder 1vs1/FFA
- host: Battle.net
- saver: BEAR_AND
map: PlunderIsle
- players: 2
- length: 55:32
- speed: Fast
- version: 1.26 W3XP
- replay type:

» download(190 KB)
Players
team 1 (winner)
BEAR_AND (
red | 133 APM | 7385 actions | 55:32)
4 Archmage
2 Blizzard
2 Brilliance Aura
4 Mountain King
2 Storm Bolt
2 Bash
3 Paladin
2 Holy Light
1 Divine Shield
» actions
| Assign group hotkey | 33 | |
| Basic commands | 32 | |
| Build / train | 203 | |
| ESC pressed | 2 | |
| Enter build submenu | 94 | |
| Enter hero's abilities submenu | 13 | |
| Give item / drop item | 12 | |
| Remove unit from queue | 4 | |
| Right click | 4288 | |
| Select / deselect | 816 | |
| Select group hotkey | 1478 | |
| Use ability | 410 | |
7385 total
» units
| Peasant | 20 | |
| Priest | 3 | |
| Dragonhawk Rider | 13 | |
| Gryphon Rider | 4 | |
40 total
» upgrades
| Masonry | 3 | |
| Magic Sentry | 1 | |
| Priest Training | 2 | |
| Lumber Harvesting | 2 | |
| Animal War Training | 1 | |
| Swords | 3 | |
| Armor | 4 | |
| Cloud | 1 | |
| Storm Hammers | 1 | |
18 total
» buildings
| Altar of Kings | 1 | |
| Farm | 19 | |
| Lumber Mill | 1 | |
| Arcane Vault | 3 | |
| Scout Tower | 118 | |
| Arcane Tower | 14 | |
| Guard Tower | 72 | |
| Keep | 3 | |
| Town Hall | 3 | |
| Castle | 4 | |
| Arcane Sanctum | 1 | |
| Gryphon Aviary | 2 | |
| Blacksmith | 1 | |
| Barracks | 1 | |
243 total
» build order
00:07 Altar of Kings
00:19 Farm
00:39 Lumber Mill
00:46 Farm
01:01 Arcane Vault
01:09 Scout Tower
01:51 Scout Tower
02:04 Arcane Tower
02:04 Arcane Tower
02:29 Scout Tower
02:30 Scout Tower
02:41 Guard Tower
03:00 Guard Tower
03:00 Guard Tower
03:16 Scout Tower
03:16 Scout Tower
03:47 Keep
03:47 Keep
03:48 Keep
03:52 Farm
04:04 Guard Tower
04:06 Scout Tower
04:07 Scout Tower
04:20 Guard Tower
04:37 Farm
04:39 Farm
05:11 Guard Tower
05:12 Guard Tower
05:20 Scout Tower
05:21 Scout Tower
05:22 Scout Tower
05:23 Scout Tower
05:48 Scout Tower
05:51 Guard Tower
07:02 Guard Tower
07:06 Scout Tower
07:06 Scout Tower
07:07 Scout Tower
08:16 Town Hall
08:25 Scout Tower
08:27 Scout Tower
08:29 Scout Tower
08:30 Scout Tower
08:32 Scout Tower
08:33 Scout Tower
08:34 Scout Tower
08:39 Scout Tower
08:40 Scout Tower
08:42 Scout Tower
08:42 Scout Tower
08:44 Scout Tower
08:45 Arcane Tower
08:57 Guard Tower
08:57 Guard Tower
08:58 Guard Tower
09:12 Guard Tower
09:33 Guard Tower
09:33 Guard Tower
09:36 Scout Tower
09:36 Scout Tower
09:38 Scout Tower
10:04 Guard Tower
10:25 Guard Tower
10:28 Castle
10:28 Castle
10:29 Castle
10:38 Arcane Sanctum
11:20 Farm
11:36 Scout Tower
11:37 Scout Tower
12:02 Scout Tower
12:03 Scout Tower
12:03 Scout Tower
12:49 Scout Tower
12:50 Scout Tower
12:53 Guard Tower
12:55 Guard Tower
12:59 Scout Tower
13:00 Scout Tower
13:01 Scout Tower
13:47 Guard Tower
13:48 Scout Tower
13:49 Scout Tower
13:50 Scout Tower
14:01 Guard Tower
14:01 Guard Tower
14:22 Guard Tower
14:27 Scout Tower
14:28 Scout Tower
14:29 Scout Tower
14:54 Gryphon Aviary
14:54 Gryphon Aviary
14:56 Blacksmith
14:57 Barracks
15:44 Arcane Vault
15:56 Guard Tower
16:08 Guard Tower
16:49 Guard Tower
17:38 Guard Tower
17:44 Scout Tower
17:45 Scout Tower
17:46 Scout Tower
18:24 Guard Tower
18:25 Guard Tower
18:26 Scout Tower
18:27 Scout Tower
18:27 Scout Tower
18:49 Scout Tower
18:49 Scout Tower
19:42 Guard Tower
19:45 Scout Tower
19:45 Scout Tower
19:46 Scout Tower
19:46 Scout Tower
19:47 Scout Tower
19:48 Scout Tower
20:55 Guard Tower
20:56 Guard Tower
20:57 Guard Tower
21:15 Guard Tower
21:27 Guard Tower
23:50 Guard Tower
24:09 Scout Tower
24:10 Scout Tower
24:10 Scout Tower
24:11 Scout Tower
24:11 Scout Tower
24:12 Scout Tower
24:34 Town Hall
24:35 Scout Tower
24:35 Scout Tower
24:36 Scout Tower
24:39 Guard Tower
24:39 Guard Tower
24:39 Guard Tower
24:41 Scout Tower
24:41 Scout Tower
24:42 Scout Tower
24:42 Scout Tower
24:52 Scout Tower
24:54 Scout Tower
25:11 Guard Tower
25:22 Guard Tower
25:24 Scout Tower
25:24 Scout Tower
25:25 Scout Tower
25:25 Scout Tower
26:03 Guard Tower
26:03 Guard Tower
26:03 Guard Tower
26:29 Guard Tower
26:51 Farm
26:52 Farm
29:35 Town Hall
30:38 Scout Tower
30:39 Scout Tower
30:39 Scout Tower
30:40 Scout Tower
30:40 Scout Tower
30:41 Scout Tower
30:43 Scout Tower
30:44 Scout Tower
30:45 Scout Tower
30:45 Scout Tower
31:24 Guard Tower
31:48 Guard Tower
31:49 Guard Tower
32:15 Guard Tower
32:40 Guard Tower
32:40 Guard Tower
33:33 Guard Tower
34:22 Scout Tower
34:24 Scout Tower
34:25 Scout Tower
34:26 Scout Tower
34:26 Scout Tower
34:27 Scout Tower
34:50 Arcane Vault
36:01 Guard Tower
36:01 Guard Tower
36:01 Guard Tower
36:27 Arcane Tower
38:37 Scout Tower
38:39 Guard Tower
38:53 Scout Tower
39:11 Arcane Tower
39:15 Scout Tower
39:17 Scout Tower
39:18 Scout Tower
40:59 Arcane Tower
40:59 Arcane Tower
40:59 Arcane Tower
41:00 Arcane Tower
41:20 Scout Tower
41:21 Scout Tower
41:22 Scout Tower
41:22 Scout Tower
41:26 Scout Tower
41:26 Scout Tower
43:46 Guard Tower
46:23 Farm
46:24 Farm
46:24 Farm
46:26 Farm
46:26 Farm
50:03 Scout Tower
50:04 Scout Tower
50:04 Scout Tower
50:12 Farm
50:13 Farm
50:14 Farm
50:14 Farm
50:14 Farm
50:15 Farm
50:26 Scout Tower
50:27 Scout Tower
50:27 Scout Tower
50:28 Scout Tower
50:46 Scout Tower
50:46 Scout Tower
50:55 Scout Tower
50:56 Scout Tower
50:57 Guard Tower
50:57 Guard Tower
51:28 Guard Tower
51:43 Arcane Tower
51:59 Guard Tower
» items
| Scroll of Regeneration | 4 | |
| Boots of Speed | 3 | |
| Staff of Teleportation | 3 | |
| Lesser Clarity Potion | 3 | |
| Orb of Fire | 2 | |
| Staff of Sanctuary | 3 | |
| Scroll of Town Portal | 2 | |
| Potion of Healing | 2 | |
22 total
team 2 (loser)

»
Eddie_FC_7 (
orange | 44 APM | 2449 actions | 55:30)
5 Demon Hunter
3 Mana Burn
2 Evasion
5 Keeper of the Grove
3 Entangling Roots
2 Thorns Aura
» actions
| Assign group hotkey | 26 | |
| Basic commands | 36 | |
| Build / train | 155 | |
| ESC pressed | 1 | |
| Enter build submenu | 31 | |
| Enter hero's abilities submenu | 10 | |
| Give item / drop item | 2 | |
| Remove unit from queue | 4 | |
| Right click | 1355 | |
| Select / deselect | 672 | |
| Select group hotkey | 49 | |
| Use ability | 108 | |
2449 total
» units
| Wisp | 35 | |
| Archer | 29 | |
| Druid of the Talon | 7 | |
| Chimaera | 5 | |
| Hippogryph | 18 | |
| Glaive Thrower | 5 | |
99 total
» upgrades
| Improved Bows | 1 | |
| Druid of the Talon Training | 2 | |
| Strength of the Wild | 3 | |
| Well Spring | 1 | |
| Corrosive Breath | 1 | |
| Reinforced Hides | 3 | |
| Mark of the Talon | 1 | |
| Moon Armor | 3 | |
| Strength of the Moon | 3 | |
| Hippogryph Taming | 1 | |
| Marksmanship | 1 | |
| Vorpal Blades | 1 | |
| Ultravision | 2 | |
23 total
» buildings
| Altar of Elders | 1 | |
| Moon Well | 7 | |
| Ancient of War | 2 | |
| Tree of Ages | 1 | |
| Ancient of Wonders | 1 | |
| Hunter's Hall | 1 | |
| Ancient of Wind | 1 | |
| Tree of Life | 2 | |
| Tree of Eternity | 1 | |
| Chimaera Roost | 2 | |
| Ancient Protector | 12 | |
31 total
» build order
00:08 Altar of Elders
00:24 Moon Well
00:33 Ancient of War
01:35 Moon Well
02:33 Moon Well
03:19 Tree of Ages
03:56 Moon Well
04:35 Ancient of Wonders
05:24 Hunter's Hall
07:03 Ancient of Wind
07:44 Tree of Life
08:10 Tree of Eternity
10:37 Chimaera Roost
11:25 Chimaera Roost
12:36 Moon Well
12:39 Moon Well
21:08 Moon Well
22:10 Tree of Life
24:20 Ancient Protector
24:33 Ancient Protector
24:37 Ancient Protector
24:40 Ancient Protector
24:43 Ancient Protector
24:44 Ancient Protector
24:46 Ancient Protector
24:54 Ancient Protector
24:56 Ancient Protector
25:07 Ancient Protector
25:20 Ancient Protector
25:59 Ancient Protector
29:00 Ancient of War
» items
| Moonstone | 2 | |
| Scroll of Town Portal | 6 | |
| Boots of Speed | 1 | |
| Periapt of Vitality | 1 | |
| Orb of Venom | 1 | |
| Potion of Healing | 2 | |
13 total
Chat log
(00:09 / All) BEAR_AND: hi "eddie"
(00:24 / All) Eddie_FC_7: hi
(00:40 / All) BEAR_AND: from?
(00:44 / All) Eddie_FC_7: canada
(00:44 / All) Eddie_FC_7: u?
(00:47 / All) BEAR_AND: me too
(00:48 / All) BEAR_AND: toronto
(00:53 / All) Eddie_FC_7: waterloo here
(20:30 / All) BEAR_AND: lol
(31:56 / All) BEAR_AND: do you like towers?
(32:00 / All) Eddie_FC_7: yes
(32:03 / All) BEAR_AND: perfect
(35:23 / All) BEAR_AND: hippo riders
(35:25 / All) BEAR_AND: really
(35:28 / All) BEAR_AND: this is your answer to towers
(35:33 / All) Eddie_FC_7: nope
(35:34 / All) BEAR_AND: i mean you were on the right track earlier
(35:45 / All) BEAR_AND: oh lol
(35:49 / All) BEAR_AND: going even more backwar
(35:51 / All) BEAR_AND: d
(36:01 / All) Eddie_FC_7: gl winning nub
(36:05 / All) BEAR_AND: lol!
(38:15 / All) BEAR_AND: lmao
(38:24 / All) BEAR_AND: great play
(38:29 / All) Eddie_FC_7: u2
(38:58 / All) Eddie_FC_7: gl winnig
(39:04 / All) BEAR_AND: i already won
(39:08 / All) Eddie_FC_7: lol
(41:51 / All) Eddie_FC_7: gg
(41:54 / All) BEAR_AND: thanks
(42:04 / All) BEAR_AND: http://highper.ch/ for more tower replays
(42:14 / All) Eddie_FC_7: lol
(42:20 / All) Eddie_FC_7: sounds like a massive waste of time
(42:24 / All) BEAR_AND: i'm having fun
(42:28 / All) BEAR_AND: why do you play games?
(42:33 / All) BEAR_AND: to win and have fun i assume
(42:39 / All) BEAR_AND: that's exactly what i do .. .. ..
(42:45 / All) Eddie_FC_7: to dominate nubs and make me feel better about my life
(43:19 / All) BEAR_AND: what a coincidence
(43:24 / All) BEAR_AND: i happen to be "dominating a nub" right now
(43:35 / All) Eddie_FC_7: do u feel better about your liofe?
(43:40 / All) BEAR_AND: no change
(43:47 / All) Eddie_FC_7: sad
(43:50 / All) BEAR_AND: ??
(46:05 / All) Eddie_FC_7: y so scared?
(46:09 / All) BEAR_AND: what
(46:33 / All) Eddie_FC_7: so hows toronto?
(46:40 / All) BEAR_AND: so far so good
(46:47 / All) Eddie_FC_7: what u do there?
(46:54 / All) BEAR_AND: justin bieber played a concert across the street from me tonight
(46:58 / All) BEAR_AND: there was a lot of screaming
(47:03 / All) BEAR_AND: i work in IT
(47:06 / All) Eddie_FC_7: sounds wonderful
(55:28 / All) Eddie_FC_7: well its been fun